[Event "Team 45 45 League T49"]
[Site "Internet Chess Club"]
[Date "2011.06.17"]
[Round "6"]
[White "heartbreakkid"]
[Black "gerailen0075"]
[Result "0-1"]
[WhiteElo "1834"]
[BlackElo "1963"]
[Opening "French: Winawer, advance variation"]
[ECO "C18"]
[Time "18:01:47"]
[TimeControl "2700+45"]

1. d4 e6 2. e4 d5 3. Nc3 Bb4 4. e5 c5 5. a3 Bxc3+ 6. bxc3 Qa5 7. Bd2 Qa4 8. Qg4
g6 9. Ra2 Nc6 10. Nf3 h6 11. Qh4 Bd7 12. Be2 Nge7 13. Qf6 Rh7 14. dxc5 O-O-O 15.
O-O g5 16. Bd3 Ng8 17. Qxd8+ Nxd8 18. Bxh7 Ne7 19. Bd3 Nf5 20. Rb1 Bc6 21. Rb4
Qa5 22. Nd4 Nxd4 23. cxd4 Qc7 24. Rab2 Qe7 25. c4 h5 26. cxd5 Bxd5 27. f3 g4 28.
fxg4 Qh4 29. gxh5 Nc6 30. h6 Nxb4 31. Rxb4 a5 32. g3 Qh3 33. Bf1 Qf5 34. Ra4 Qc2
35. h7 Qxh7 36. Rxa5 Kb8 37. Bf4 Qe4 38. Ra4 Qh1+ 39. Kf2 Qxh2+ 40. Ke1 Qg1 41.
Ke2 Bf3+ 42. Ke1 Bg2 43. Kd2 Qxf1 44. Rb4 Qf2+ 45. Kd3 Bf1+ 46. Kc3 Qe2 47. a4
Qe1+ 48. Kb3 Bg2 49. Rb5 Be4 50. Kc4 Qd1 51. Rb2 Qxa4+ 52. Kc3 Qa1 53. Bd2 Bd5
54. Kc2 Qa4+ 55. Kd3 Qa3+ 56. Bc3 Qa6+ 57. Ke3 Qc4 58. Rc2 Qf1 59. Rf2 Qg1 60.
Ke2 Qxg3 61. Be1 Bc4+ 62. Kd1 Qd3+ 63. Bd2 Qb1+ 64. Bc1 Qb3+ 65. Kd2 Qd3+ 66.
Ke1 Qc3+ 67. Kd1 Bb3+ 68. Ke2 Qxc1 {White resigns} 0-1

[Event "Team 45 45 League T49"]
[Site "Internet Chess Club"]
[Date "2011.06.20"]
[Round "6"]
[White "BrandonBee"]
[Black "Buford-Julep"]
[Result "0-1"]
[WhiteElo "1518"]
[BlackElo "1669"]
[Opening "Sicilian: Nimzovich-Rossolimo attack (with ...g6, without ...d6)"]
[ECO "B31"]
[Time "10:00:27"]
[TimeControl "2700+45"]

1. e4 c5 2. Nf3 Nc6 3. Bb5 g6 4. Bxc6 dxc6 5. O-O Bg7 6. Re1 Nf6 7. e5 Nd5 8.
Nc3 O-O 9. h3 Bf5 10. d3 Qd7 11. Nh2 Rad8 12. g4 Be6 13. f4 Nxc3 14. bxc3 c4 15.
d4 c5 16. Be3 cxd4 17. cxd4 Qc6 18. c3 h5 19. f5 gxf5 20. g5 Bxe5 21. Qxh5 Bg7
22. Bf4 Rde8 23. Nf3 Bd5 24. Ne5 Bxe5 25. Bxe5 f6 26. g6 Rf7 27. Bf4 Rg7 28. Kh2
Bf3 29. Qxf5 e5 30. dxe5 fxe5 31. Rxe5 Rxe5 32. Qxe5 Qxg6 33. Qb8+ Kh7 34. Bg3
Qc2+ {White resigns} 0-1

[Event "Team 45 45 League T49"]
[Site "Internet Chess Club"]
[Date "2011.06.20"]
[Round "6"]
[White "CKNIGHT3"]
[Black "Helaman"]
[Result "1/2-1/2"]
[WhiteElo "1577"]
[BlackElo "1469"]
[Opening "QGD: Charousek (Petrosian) variation"]
[ECO "D31"]
[Time "21:30:24"]
[TimeControl "2700+45"]

1. d4 d5 2. c4 e6 3. Nc3 Be7 4. Nf3 Nf6 5. e3 c5 6. Bd3 Nc6 7. a3 a6 8. O-O O-O
9. cxd5 exd5 10. Qc2 Be6 11. Ng5 h6 12. Nxe6 fxe6 13. Ne2 e5 14. dxc5 e4 15.
Bxe4 Nxe4 16. f3 Nxc5 17. b4 Ne6 18. Bb2 Bf6 19. Bxf6 Qxf6 20. Rad1 {Game drawn
by mutual agreement} 1/2-1/2

[Event "Team 45 45 League T49"]
[Site "Internet Chess Club"]
[Date "2011.06.19"]
[Round "6"]
[White "blizzard13"]
[Black "SirIvanhoe"]
[Result "1/2-1/2"]
[WhiteElo "1400"]
[BlackElo "1487"]
[Opening "Caro-Kann: advance variation"]
[ECO "B12"]
[Time "13:03:31"]
[TimeControl "2700+45"]

1. e4 c6 2. d4 d5 3. e5 Bf5 4. Bd3 Bxd3 5. Qxd3 e6 6. Be3 Nd7 7. f4 c5 8. c3 Qb6
9. Qc2 cxd4 10. Bxd4 Bc5 11. Nf3 Ne7 12. O-O Nf5 13. Qf2 O-O 14. Na3 Bxd4 15.
Nxd4 Nxd4 16. Qxd4 Qxb2 17. Qb4 Qxb4 18. cxb4 a6 19. Rac1 Rac8 20. Nb1 Nb6 21.
Nd2 Rxc1 22. Rxc1 Rc8 23. Rxc8+ Nxc8 24. Nb3 b6 25. a4 Na7 26. a5 bxa5 27. bxa5
Nc6 28. Nc5 Nxa5 29. Nxa6 Nc4 30. Kf2 Kf8 31. Nc5 Ke7 32. Ke2 f6 33. Nd3 fxe5
34. fxe5 Kf7 35. Kf3 g5 36. g4 Ke7 37. Kg3 Kd7 38. h4 h6 39. Nc5+ Ke7 40. Nd3
Kd7 41. Nc5+ Ke7 42. Nd3 {Game drawn by mutual agreement} 1/2-1/2

[Event "Team 45 45 League T49"]
[Site "Internet Chess Club"]
[Date "2011.06.20"]
[Round "6"]
[White "pudge"]
[Black "KyleMayhugh"]
[Result "1-0"]
[WhiteElo "1319"]
[BlackElo "1378"]
[Opening "Sicilian: Richter-Rauzer"]
[ECO "B60"]
[Time "18:46:50"]
[TimeControl "2700+45"]

1. e4 c5 2. Nf3 d6 3. d4 cxd4 4. Nxd4 Nf6 5. Nc3 Nc6 6. Bg5 e5 7. Nf3 Be7 8.
Bxf6 Bxf6 9. Bc4 O-O 10. Nd5 Bg4 11. Qd3 Bxf3 12. Qxf3 Nd4 13. Nxf6+ Qxf6 14.
Qxf6 gxf6 15. O-O-O b5 16. Bd5 Rac8 17. Rd2 Rc5 18. Kb1 Rfc8 19. c3 Ne6 20. h4
Nf4 21. g3 Nxd5 22. Rxd5 Rxd5 23. exd5 Kg7 24. Re1 Rc4 25. f3 b4 26. Re4 Rxe4
27. fxe4 Kg6 28. g4 bxc3 29. bxc3 h5 30. gxh5+ Kxh5 31. c4 Kxh4 32. c5 {Black
resigns} 1-0

[Event "Team 45 45 League T49"]
[Site "Internet Chess Club"]
[Date "2011.06.19"]
[Round "6"]
[White "BrianWood"]
[Black "tworivers"]
[Result "1/2-1/2"]
[WhiteElo "1559"]
[BlackElo "1442"]
[Opening "King's Indian: orthodox variation"]
[ECO "E94"]
[Time "18:06:12"]
[TimeControl "2700+45"]

1. d4 Nf6 2. c4 g6 3. Nc3 Bg7 4. e4 d6 5. Nf3 O-O 6. Be2 e5 7. O-O b6 8. d5 Qd7
9. Be3 a5 10. h3 Na6 11. Qc2 Nc5 12. a3 a4 13. Bxc5 bxc5 14. Bd1 Qe8 15. Nxa4
Bd7 16. Nc3 c6 17. dxc6 Bxc6 18. Be2 Qe7 19. Ra2 Rfb8 20. Rfa1 Qb7 21. Nd2 Bh6
22. Bd3 Bxd2 23. Qxd2 Nxe4 24. Bxe4 Bxe4 25. Nxe4 Qxe4 26. Qxd6 Qxc4 27. Qxe5
Re8 28. Qc3 Qd5 29. b4 cxb4 30. Qxb4 Rab8 31. Qd2 Qb3 32. a4 Red8 33. Qc2 Qb4
34. a5 Rdc8 35. Qa4 Qxa4 36. Rxa4 Ra8 37. a6 Ra7 38. f3 Rc6 39. Kf2 Re6 40. g4
Kg7 41. f4 f5 42. gxf5 gxf5 43. Ra5 Kf6 44. R1a4 Kg6 45. Kg3 Rf6 46. h4 {Game
drawn by mutual agreement} 1/2-1/2

[Event "Team 45 45 League T49"]
[Site "Internet Chess Club"]
[Date "2011.06.17"]
[Round "6"]
[White "medsurg"]
[Black "Burbia"]
[Result "1-0"]
[WhiteElo "1351"]
[BlackElo "1345"]
[Opening "French: Winawer, advance, poisoned pawn variation"]
[ECO "C18"]
[Time "17:00:30"]
[TimeControl "2700+45"]

1. e4 e6 2. d4 d5 3. Nc3 Bb4 4. e5 c5 5. a3 Bxc3+ 6. bxc3 Ne7 7. Qg4 O-O 8. Bd3
f5 9. exf6 Rxf6 10. Qh5 h6 11. Nf3 c4 12. Be2 Bd7 13. Ne5 Be8 14. Qh3 Nd7 15.
Ng4 Rg6 16. Ne5 Nxe5 17. dxe5 Nf5 18. Bh5 Rxg2 19. Bxe8 Rxf2 20. Kxf2 Qb6+ 21.
Be3 Qb2 22. Bd2 Rxe8 23. Rhc1 Rf8 24. Kg2 Qb6 25. Rab1 Qc7 26. Bf4 g5 27. Qg4
Nh4+ 28. Kg3 Rxf4 29. Qxe6+ Kh7 30. Rf1 Qc5 31. Rxb7+ Kh8 32. Qxh6+ Kg8 33. Qg7#
{Black checkmated} 1-0

[Event "Team 45 45 League T49"]
[Site "Internet Chess Club"]
[Date "2011.06.20"]
[Round "6"]
[White "kabubi"]
[Black "jinx"]
[Result "1/2-1/2"]
[WhiteElo "1151"]
[BlackElo "1307"]
[Opening "Sicilian: Labourdonnais-Löwenthal variation"]
[ECO "B32"]
[Time "17:00:24"]
[TimeControl "2700+45"]

1. e4 c5 2. Nf3 Nc6 3. d4 cxd4 4. Nxd4 e5 5. Nf3 Bc5 6. Qe2 Nf6 7. g3 d6 8. Bg2
Bg4 9. Nbd2 Nd4 10. Qd1 b5 11. c3 Nxf3+ 12. Nxf3 Nxe4 13. O-O Nf6 14. h3 Bh5 15.
Qe2 a6 16. Be3 e4 17. Bxc5 dxc5 18. g4 Bg6 19. Rad1 Nd7 20. h4 O-O 21. Ng5 h6
22. Nh3 Re8 23. h5 Bh7 24. Qe3 Ra7 25. Rd5 Qa8 26. Rfd1 Nf6 27. Rd6 Nxg4 28. Qe2
Nf6 29. Qd2 Kf8 30. Qe3 Nxh5 31. Qxc5 Rae7 32. Qxh5 Qc8 33. Ng5 Bg6 34. Rxg6
fxg6 35. Qxg6 hxg5 36. Qxg5 Kg8 37. Rd6 Re6 38. Qd5 Kh7 39. Qh5+ Rh6 40. Rxh6+
gxh6 41. Qf7+ Kh8 42. Qf6+ Kh7 43. Qf7+ Kh8 44. Qf6+ Kh7 45. Qf7+ Kh8 46. Qf6+
Kh7 47. Qf7+ Kh8 48. Qf6+ Kh7 {Game drawn by repetition} 1/2-1/2

[Event "Team 45 45 League T49"]
[Site "Internet Chess Club"]
[Date "2011.06.16"]
[Round "6"]
[White "achessfool"]
[Black "chicopee-ed"]
[Result "1-0"]
[WhiteElo "1480"]
[BlackElo "1341"]
[Opening "Philidor's defense"]
[ECO "C41"]
[Time "13:31:09"]
[TimeControl "2700+45"]

1. e4 e5 2. Nf3 d6 3. Bc4 Be7 4. d4 exd4 5. Qxd4 Nf6 6. O-O O-O 7. Nc3 Nc6 8.
Qd1 Bg4 9. Bf4 Ne5 10. Bxe5 dxe5 11. Qxd8 Raxd8 12. Nxe5 Bc8 13. Rfe1 Bb4 14. a3
Bxc3 15. bxc3 Be6 16. Bxe6 fxe6 17. f3 Rd2 18. Rac1 Rfd8 19. Nd3 Nd7 20. Red1
Rxd1+ 21. Rxd1 Nb6 22. Rb1 Nc4 23. Rxb7 Nxa3 24. Rxa7 Nxc2 25. Ne5 h6 26. Rxc7
Rd1+ 27. Kf2 Rd2+ 28. Kg3 Ne3 29. f4 Nxg2 30. f5 exf5 31. exf5 Ne3 32. Rc8+ Kh7
33. Nf7 Nxf5+ 34. Kg4 Rxh2 35. Kxf5 Rf2+ 36. Ke6 Rf6+ 37. Ke7 Rf2 38. c4 g5 39.
c5 Kg7 40. Nd6 Re2+ 41. Kd7 Rc2 42. c6 Kg6 43. c7 Kh5 44. Rg8 g4 45. Ne4 Kh4 46.
Kd6 h5 47. Nc5 Rd2+ 48. Kc6 g3 49. c8=Q g2 50. Qf5 {Black resigns} 1-0

[Event "Team 45 45 League T49"]
[Site "Internet Chess Club"]
[Date "2011.06.19"]
[Round "6"]
[White "sdcohle"]
[Black "Morphys-GGS"]
[Result "1-0"]
[WhiteElo "1371"]
[BlackElo "1335"]
[Opening "QGD Slav: 4.Nc3"]
[ECO "D15"]
[Time "13:01:21"]
[TimeControl "2700+45"]

1. d4 d5 2. c4 c6 3. Nc3 Nf6 4. Nf3 Bf5 5. Bg5 Nbd7 6. e3 dxc4 7. Bxc4 b5 8. Bd3
Be6 9. a3 g6 10. O-O Bg7 11. b4 O-O 12. Rc1 Rc8 13. Bxf6 Bxf6 14. Ne4 Bg7 15.
Nc5 Bg4 16. h3 Bxf3 17. Qxf3 Nxc5 18. Rxc5 Qb6 19. Rfc1 Qa6 20. Rxc6 Rxc6 21.
Qxc6 Qxa3 22. Bxb5 Qxb4 23. Ra1 Rb8 24. Bd3 Qb6 25. Qe4 Qc7 26. Rb1 Rxb1+ 27.
Bxb1 e6 28. Qd3 Qd7 29. f4 f6 30. Ba2 Kf8 31. Qc4 Ke7 32. Kf2 Bf8 33. g4 Bh6 34.
f5 gxf5 35. gxf5 Qd5 36. Qc7+ Qd7 37. Qxd7+ Kxd7 38. fxe6+ Kd6 39. Kf3 f5 40. d5
Ke7 41. Bb1 Kd6 42. Bxf5 Kxd5 43. e7 Bg5 44. e8=Q h6 45. Qb5+ Kd6 46. Qa6+ Kd5
47. Qxa7 Kc4 48. Qd4+ Kb3 49. Ke2 Ka2 50. Kd3 Ka3 51. Kc3 Ka2 52. Qa4# {Black
checkmated} 1-0

[Event "Team 45 45 League T49"]
[Site "Internet Chess Club"]
[Date "2011.06.18"]
[Round "6"]
[White "Just-Jim"]
[Black "TheronUAL"]
[Result "0-1"]
[WhiteElo "1388"]
[BlackElo "1503"]
[Opening "Caro-Kann: anti-anti-Caro-Kann defense"]
[ECO "B10"]
[Time "17:00:27"]
[TimeControl "2700+45"]

1. e4 c6 2. c4 d5 3. cxd5 cxd5 4. exd5 Qxd5 5. Nc3 Qd8 6. h3 Nf6 7. Nf3 Nc6 8.
Bb5 Bd7 9. d4 e6 10. a3 a6 11. Be2 Be7 12. O-O O-O 13. Nh2 Bd6 14. Bg5 Bc8 15.
Ng4 Nxd4 16. f4 Bc5 17. Nf2 h6 18. Bh4 Re8 19. Kh1 Be7 20. g4 b5 21. g5 Bb7+ 22.
Kg1 hxg5 23. fxg5 Nh7 24. Nd3 Qb6 25. Kh2 Bd6+ 26. Nf4 e5 27. Nfd5 Bxd5 28. Nxd5
Qb7 29. Bf3 e4+ 30. Bg3 Bxg3+ 31. Kxg3 Qxd5 32. Bh5 g6 33. Bg4 Nxg5 34. Rc1 Qe5+
35. Kg2 Rad8 36. h4 Ngf3 37. Bxf3 Nxf3 38. Qb3 Qh2# {White checkmated} 0-1

[Event "Team 45 45 League T49"]
[Site "Internet Chess Club"]
[Date "2011.06.16"]
[Round "6"]
[White "charles-allen"]
[Black "fledermaus"]
[Result "1/2-1/2"]
[WhiteElo "1890"]
[BlackElo "1950"]
[Opening "Sicilian defense"]
[ECO "B40"]
[Time "08:05:01"]
[TimeControl "2700+45"]

1. e4 c5 2. Nf3 e6 3. c3 Ne7 4. d4 cxd4 5. cxd4 d5 6. Bd3 Nbc6 7. O-O dxe4 8.
Bxe4 Nd5 9. Nc3 Nf6 10. Bc2 Be7 11. Re1 O-O 12. Ne4 Nb4 13. Bb3 b6 14. a3 Nbd5
15. Ne5 Bb7 16. Bc2 Rc8 17. Bg5 Rxc2 18. Qxc2 Nxe4 19. Bxe7 Nxe7 20. Rxe4 Bxe4
21. Qxe4 Qc7 22. g4 Nd5 23. Re1 Rc8 24. Qf3 Qe7 25. Nd3 Qf6 26. Qe4 h6 27. f4
Rc4 28. Ne5 Rc7 29. f5 Ne7 30. fxe6 Qxe6 31. Qf3 {Game drawn by mutual
agreement} 1/2-1/2

[Event "Team 45 45 League T49"]
[Site "Internet Chess Club"]
[Date "2011.06.19"]
[Round "6"]
[White "DarkFlow"]
[Black "flyingpawns"]
[Result "1-0"]
[WhiteElo "2021"]
[BlackElo "1691"]
[Opening "French: King's Indian attack"]
[ECO "C00"]
[Time "10:04:50"]
[TimeControl "2700+45"]

1. e4 e6 2. d3 d5 3. Nd2 Ne7 4. Ngf3 g6 5. g3 Bg7 6. Bg2 O-O 7. O-O c5 8. Re1
Nbc6 9. c3 b5 10. exd5 exd5 11. Nb3 c4 12. Nbd4 Nxd4 13. Nxd4 Bxd4 14. cxd4 Bb7
15. a4 a6 16. dxc4 bxc4 17. b3 cxb3 18. Qxb3 Rb8 19. Bf4 Re8 20. Bxb8 Qxb8 21.
Rab1 {Black resigns} 1-0

[Event "Team 45 45 League T49"]
[Site "Internet Chess Club"]
[Date "2011.06.21"]
[Round "6"]
[White "j65536d"]
[Black "Grenadier"]
[Result "1-0"]
[WhiteElo "1789"]
[BlackElo "1772"]
[Opening "Caro-Kann: advance variation"]
[ECO "B12"]
[Time "20:01:30"]
[TimeControl "2700+45"]

1. e4 c6 2. d4 d5 3. e5 Bf5 4. f4 e6 5. Bd3 Bxd3 6. Qxd3 Nd7 7. Ne2 Ne7 8. O-O
Nf5 9. g4 Ne7 10. f5 exf5 11. gxf5 Qb6 12. b3 Nxe5 13. Qg3 Nd7 14. Nbc3 O-O-O
15. Bg5 h6 16. Bd2 Ng8 17. Na4 Qa6 18. Rae1 Ngf6 19. Nec3 Bb4 20. Kh1 Rhe8 21.
Qxg7 Bf8 22. Qxf7 Re7 23. Qg6 Rde8 24. Qg1 b5 25. Nb2 b4 26. Nca4 Re2 27. Bf4
Nh5 28. Bc1 Bd6 29. Rxe2 Qxe2 30. Qg2 Qxg2+ 31. Kxg2 Re2+ 32. Rf2 Rxf2+ 33. Kxf2
Bxh2 34. Bxh6 Bf4 35. Bxf4 Nxf4 36. Kf3 Nh5 37. Nd3 a5 38. Ne5 Kc7 39. Nxd7 Kxd7
40. Kg4 Nf6+ 41. Kg5 Ke7 42. Nc5 Nh7+ 43. Kg6 Nf6 44. Nb7 Nd7 45. Nxa5 c5 46.
dxc5 Nxc5 47. Nc6+ Kd6 48. Nxb4 d4 49. f6 Ne6 50. f7 Nf8+ 51. Kg7 Ne6+ 52. Kg8
Ke7 53. Nc6+ Kd6 54. Nxd4 {Black resigns} 1-0

[Event "Team 45 45 League T49"]
[Site "Internet Chess Club"]
[Date "2011.06.16"]
[Round "6"]
[White "GoIrish"]
[Black "ChessicalZ"]
[Result "1/2-1/2"]
[WhiteElo "1587"]
[BlackElo "1649"]
[Opening "Réti opening"]
[ECO "A05"]
[Time "20:36:15"]
[TimeControl "2700+45"]

1. Nf3 Nf6 2. g3 d5 3. d4 Bf5 4. Bg2 Nbd7 5. O-O e6 6. c4 Bd6 7. Nc3 c6 8. c5
Bc7 9. b4 b6 10. Nh4 bxc5 11. bxc5 Ba5 12. Bd2 Rb8 13. Nxf5 exf5 14. Rb1 Rxb1
15. Qxb1 Ne4 16. Nxe4 fxe4 17. Bf4 Bc7 18. Bd2 Qa8 19. f3 f5 20. fxe4 fxe4 21.
Bxe4 Nf6 22. Bf5 O-O 23. Bg5 Ne4 24. Bxe4 Rxf1+ 25. Kxf1 Qf8+ 26. Bf3 h6 27. Bd2
g5 28. Kg2 Qf6 29. e3 Qe6 30. Qb7 g4 31. Qxc7 gxf3+ 32. Kxf3 Qe4+ 33. Kf2 Qd3
34. Ke1 Qb1+ 35. Ke2 Qb5+ 36. Kf2 Qd3 37. Qb8+ Kg7 38. Qxa7+ Kg6 39. Qa5 Qf5+
40. Ke2 Qh3 41. Qc7 Qg2+ 42. Kd3 Qf1+ 43. Kc3 Qc4+ 44. Kb2 Qb5+ 45. Kc2 Qc4+ 46.
Kd1 Qf1+ 47. Be1 Qd3+ 48. Kc1 Qc4+ 49. Kb1 Qd3+ 50. Ka1 Qd1+ 51. Kb2 Qe2+ {Game
drawn by mutual agreement} 1/2-1/2

[Event "Team 45 45 League T49"]
[Site "Internet Chess Club"]
[Date "2011.06.17"]
[Round "6"]
[White "UsuallySleepy"]
[Black "PandorasBox"]
[Result "1-0"]
[WhiteElo "1888"]
[BlackElo "1948"]
[Opening "French: Frere (Becker) variation"]
[ECO "C03"]
[Time "18:06:57"]
[TimeControl "2700+45"]

1. e4 e6 2. d4 d5 3. Nd2 dxe4 4. Nxe4 Qd5 5. Nc3 Bb4 6. Nf3 Nf6 7. Bd3 O-O 8.
O-O Qh5 9. Ne2 Bd6 10. Nf4 Bxf4 11. Bxf4 c6 12. c4 b6 13. Qd2 Bb7 14. Ne5 Nbd7
15. Rfe1 Rad8 16. Nxd7 Rxd7 17. Re5 Qh4 18. g3 Qh3 19. Bf1 Qg4 20. Rg5 Ne4 21.
Rxg4 Nxd2 22. Bxd2 f5 23. Rh4 e5 24. Bb4 Re8 25. dxe5 Rxe5 26. Bc3 Re6 27. Bg2
g5 28. Rd4 Rde7 29. Rd8+ Kf7 30. Rad1 Ba6 31. b3 b5 32. Bb4 c5 33. Bxc5 Re1+ 34.
Rxe1 Rxe1+ 35. Bf1 bxc4 36. Kg2 Rxf1 37. Kxf1 cxb3+ 38. Ke1 b2 39. Rb8 {Black
resigns} 1-0

[Event "Team 45 45 League T49"]
[Site "Internet Chess Club"]
[Date "2011.06.17"]
[Round "6"]
[White "loserloser"]
[Black "Hal2001"]
[Result "1-0"]
[WhiteElo "1783"]
[BlackElo "1674"]
[Opening "Sicilian: Smith-Morra gambit"]
[ECO "B21"]
[Time "12:38:45"]
[TimeControl "2700+45"]

1. e4 c5 2. d4 cxd4 3. c3 g6 4. cxd4 d5 5. exd5 Qxd5 6. Nc3 Qd8 7. Nf3 Bg7 8.
Be3 Nf6 9. h3 O-O 10. Bc4 e6 11. O-O Nc6 12. Rc1 a6 13. a3 b5 14. Ba2 Bb7 15.
Qd2 Ne7 16. Ne5 Nfd5 17. Bh6 Bxh6 18. Qxh6 Nf5 19. Qd2 Nf6 20. Rfd1 Nh4 21. Qg5
Nxg2 22. d5 Nxd5 23. Qxg2 Nxc3 24. Rxd8 Bxg2 25. Rxf8+ Rxf8 26. Rxc3 Bxh3 27.
Rxh3 {Black resigns} 1-0

[Event "Team 45 45 League T49"]
[Site "Internet Chess Club"]
[Date "2011.06.16"]
[Round "6"]
[White "rahulr"]
[Black "Muravey"]
[Result "1/2-1/2"]
[WhiteElo "1603"]
[BlackElo "1457"]
[Opening "Philidor: exchange variation"]
[ECO "C41"]
[Time "19:07:38"]
[TimeControl "2700+45"]

1. e4 e5 2. Nf3 d6 3. d4 exd4 4. Nxd4 Nf6 5. Nc3 Be7 6. Bc4 O-O 7. Bf4 Re8 8.
O-O Bf8 9. Re1 c6 10. Nf3 Qc7 11. Ng5 Be6 12. Nxe6 fxe6 13. a4 Nbd7 14. Qd2 Kh8
15. Rad1 e5 16. Bg5 Be7 17. Re3 Qd8 18. Rh3 Rf8 19. Qe2 Qe8 20. Rdd3 Ng8 21.
Rxh7+ Kxh7 22. Rh3+ Nh6 23. Bxh6 gxh6 24. Qe3 Bg5 25. Qxg5 Rf6 26. Ne2 Rg6 27.
Qh5 Qe7 28. Ng3 Qg5 29. Qxg5 Rxg5 30. Nf5 Rg6 31. Rd3 Nb6 32. Bb3 Rd8 33. Ne7
Rg7 34. Nf5 Rg5 35. Nxd6 Rd7 36. Nf7 Rxf7 37. Bxf7 Nxa4 38. b3 Nc5 39. Re3 Rg7
40. Bc4 Rd7 41. Bd3 a5 42. Kf1 b5 43. Ke2 a4 44. bxa4 Nxa4 45. c4 Nc3+ 46. Kf3
Nd1 47. cxb5 Nxe3 48. Kxe3 cxb5 49. Bxb5 Rb7 50. Bc4 Rc7 51. Kd3 Kg6 52. h3 Kg5
53. g3 h5 54. Bb3 h4 55. Bd1 Ra7 56. gxh4+ Kxh4 57. Bg4 Ra4 58. f3 Kg3 59. Ke2
Ra3 60. Kd2 Rb3 61. Kc2 Ra3 62. Kd2 Ra8 63. Kc3 Rd8 64. Kc4 Kh4 65. Kc5 Kg3 66.
Kc4 Kh4 67. Kc5 Rd4 68. Kc6 Kg3 69. Kc5 Rd3 70. Kc4 Rd4+ 71. Kc5 Kf4 72. h4 Rd8
73. h5 Rh8 74. Kd5 Rh6 75. Kc5 {Game drawn by mutual agreement} 1/2-1/2

[Event "Team 45 45 League T49"]
[Site "Internet Chess Club"]
[Date "2011.06.18"]
[Round "6"]
[White "Terte"]
[Black "Walker42"]
[Result "0-1"]
[WhiteElo "1941"]
[BlackElo "2055"]
[Opening "Four knights game"]
[ECO "C47"]
[Time "09:30:35"]
[TimeControl "2700+45"]

1. e4 Nf6 2. Nc3 e5 3. Nf3 Nc6 4. d3 d5 5. Bg5 d4 6. Nd5 Be6 7. Nxf6+ gxf6 8.
Bd2 Be7 9. Nh4 Qd7 10. Be2 Rg8 11. Kf1 O-O-O 12. h3 Kb8 13. g4 h5 14. Nf5 Rh8
15. f3 Bb4 16. c3 Ba5 17. Qa4 Bxf5 18. exf5 hxg4 19. fxg4 e4 20. dxe4 dxc3 21.
Bxc3 Bxc3 22. bxc3 Qd2 23. Rd1 Qe3 24. Rh2 Rxd1+ 25. Qxd1 Rxh3 26. Rxh3 Qxh3+
27. Kf2 a6 28. Qd3 Qh2+ 29. Kf1 Qf4+ 30. Kg2 Qc1 31. a4 a5 32. Qh3 Qc2 33. Kf1
Qxa4 34. Qh8+ Ka7 35. Qxf6 Qb3 36. g5 a4 37. g6 fxg6 38. fxg6 a3 39. g7 a2 40.
c4 Qb1+ 41. Kg2 Qxe4+ 42. Bf3 Qxc4 43. Bxc6 Qxc6+ 44. Qxc6 bxc6 45. g8=Q a1=Q
46. Qg3 Qb2+ 47. Kh3 Kb7 48. Qf3 Kb6 49. Qe3+ c5 50. Qe6+ c6 51. Qd6 Qc3+ 52.
Kg2 c4 53. Qb8+ Kc5 54. Qa7+ Kb4 55. Qb6+ Ka3 56. Qxc6 Kb2 57. Qc5 Qc2+ 58. Kh3
c3 59. Qb4+ Qb3 60. Qd4 Ka2 61. Qa7+ Qa3 62. Qf7+ Kb2 63. Qf6 Qc5 64. Kh4 Qc4+
65. Kh5 Ka3 66. Qd6+ Ka4 67. Kh6 c2 68. Qd7+ Kb3 69. Qb7+ Qb4 70. Qf7+ Kb2 71.
Qf6+ Kb1 72. Qf5 Qh4+ 73. Kg7 Qe7+ 74. Kh6 Qe3+ 75. Kh7 Kc1 76. Kg8 Kb2 77. Qf6+
Qc3 78. Qf2 Ka1 79. Qa7+ Kb1 80. Qb6+ Qb2 81. Qg6 Ka1 82. Qa6+ Qa2+ 83. Qxa2+
Kxa2 {White resigns} 0-1

[Event "Team 45 45 League T49"]
[Site "Internet Chess Club"]
[Date "2011.06.16"]
[Round "6"]
[White "imgr8"]
[Black "Pason"]
[Result "0-1"]
[WhiteElo "2071"]
[BlackElo "2061"]
[Opening "Caro-Kann: exchange variation"]
[ECO "B13"]
[Time "12:01:26"]
[TimeControl "2700+45"]

1. e4 c6 2. d4 d5 3. exd5 cxd5 4. Bd3 g6 5. c3 Bg7 6. Bf4 Nc6 7. Nd2 Nf6 8. Ngf3
O-O 9. O-O Bg4 10. h3 Bxf3 11. Nxf3 Rc8 12. Re1 Re8 13. Qe2 a6 14. Rad1 Na5 15.
Ne5 Nd7 16. Qf3 Nxe5 17. dxe5 e6 18. Qg3 Qb6 19. Bc1 Nc4 20. b3 Na5 21. Bd2 Nc6
22. Bb1 Qc7 23. f4 Na7 24. Qf2 Bf8 25. Kh1 Nb5 26. Qg3 Na7 27. f5 Nc6 28. f6
Red8 29. h4 Rd7 30. h5 d4 31. c4 b5 32. cxb5 axb5 33. Bf4 Qd8 34. Be4 Nb4 35.
Qg4 Qe8 36. Kh2 Nxa2 37. Rd3 Nc3 38. Bf3 Bc5 39. Bd2 b4 40. Rh1 Ra7 41. Kg3 Rcc7
42. Bh6 Qb5 43. hxg6 fxg6 44. Qxe6+ Rf7 45. Qc8+ Bf8 46. Rxd4 Qxe5+ 47. Rf4 Rac7
48. Qb8 Ne4+ 49. Kh3 Nf2+ 50. Kh2 Nxh1 51. Bd5 Qh5+ 52. Kg1 Rc1+ 53. Rf1 Rxf1+
54. Kxf1 Qd1# {White checkmated} 0-1

[Event "Team 45 45 League T49"]
[Site "Internet Chess Club"]
[Date "2011.06.26"]
[Round "6"]
[White "poni"]
[Black "snottgoblin"]
[Result "0-1"]
[WhiteElo "1945"]
[BlackElo "2014"]
[Opening "QGD: 4.Nf3"]
[ECO "D37"]
[Time "12:00:11"]
[TimeControl "2700+45"]

1. Nf3 Nf6 2. c4 e6 3. Nc3 d5 4. d4 Be7 5. Bg5 c6 6. e3 Nbd7 7. Qc2 h6 8. Bh4
O-O 9. Rd1 Re8 10. h3 Nh7 11. Bxe7 Qxe7 12. Bd3 Ng5 13. Nd2 e5 14. dxe5 Qxe5 15.
cxd5 cxd5 16. O-O Nc5 17. Nb5 Nxd3 18. Qxd3 Bxh3 19. gxh3 Nxh3+ 20. Kg2 Re6 21.
Rh1 Rg6+ 22. Kf1 Nxf2 23. Qxg6 fxg6 24. Kxf2 Rf8+ 25. Ke2 Re8 26. e4 dxe4 27.
Nc3 e3 28. Nf3 Qg3 29. Nd4 Rf8 30. Ne4 Qg4+ 31. Kd3 Re8 32. Nc3 b5 33. Rhg1 Qd7
34. Rxg6 b4 35. Ne2 Rd8 36. Rdg1 Qf5+ 37. Kxe3 Qe5+ 38. Kd3 Rd7 39. R1g2 Qf5+
40. Kd2 Qb1 41. Rxh6 Qxb2+ 42. Kd3 Rxd4+ 43. Nxd4 Qxg2 44. Ra6 Qf1+ 45. Ne2 Qf3+
46. Kd2 Qd5+ 47. Ke3 Qc4 48. Ra5 Kh7 49. Nd4 Qc3+ 50. Ke4 Qc7 51. Rh5+ Kg8 52.
Rb5 a5 53. Rf5 a4 54. Rb5 b3 55. axb3 a3 56. Kd3 a2 57. Nc2 Qd7+ 58. Kc4 Qd2
{White resigns} 0-1

[Event "Team 45 45 League T49"]
[Site "Internet Chess Club"]
[Date "2011.06.21"]
[Round "6"]
[White "irock"]
[Black "koni"]
[Result "1-0"]
[WhiteElo "1850"]
[BlackElo "1874"]
[Opening "Sicilian: Alapin's variation (2.c3)"]
[ECO "B22"]
[Time "13:18:57"]
[TimeControl "2700+45"]

1. e4 c5 2. c3 Nf6 3. e5 Nd5 4. d4 cxd4 5. Nf3 Nc6 6. cxd4 d6 7. Bc4 dxe5 8.
dxe5 Nb6 9. Qxd8+ Nxd8 10. Bb3 Bg4 11. Nd4 Rc8 12. O-O e6 13. Nc3 Bc5 14. Ndb5
Nc6 15. Ne4 O-O 16. Nxc5 {Black resigns} 1-0

[Event "Team 45 45 League T49"]
[Site "Internet Chess Club"]
[Date "2011.06.21"]
[Round "6"]
[White "QueensCounselor"]
[Black "TheSleepingOne"]
[Result "1/2-1/2"]
[WhiteElo "2161"]
[BlackElo "2189"]
[Opening "King's Indian: Andersson variation"]
[ECO "E92"]
[Time "12:12:19"]
[TimeControl "2700+45"]

1. d4 Nf6 2. c4 g6 3. Nc3 Bg7 4. e4 d6 5. Nf3 O-O 6. Be2 e5 7. dxe5 dxe5 8. Qxd8
Rxd8 9. Be3 c6 10. h3 Na6 11. O-O Re8 12. Rfd1 Bf8 13. a3 Nc5 14. Nd2 a5 15.
Bxc5 Bxc5 16. Nf3 a4 17. Rd2 Nd7 18. Rad1 Re7 19. Kf1 Bb6 20. Ne1 Nc5 21. Bg4
Bxg4 22. hxg4 Ba5 23. f3 Ra6 24. Ke2 Kg7 25. Ke3 Rb6 26. Nd3 Bxc3 27. bxc3 Nxd3
28. Rxd3 Rb3 29. Ra1 Kf6 30. g3 Ke6 31. g5 Rd7 32. Ra2 Rb1 33. Rxd7 Kxd7 34. Kd3
Rf1 35. Ke3 Rc1 36. Kd3 Rh1 37. g4 Rb1 38. c5 Ke6 39. Rh2 Rb3 40. Ra2 f6 41. Rh2
Rxa3 42. Rxh7 Rb3 43. Rh2 Rb5 {Game drawn by mutual agreement} 1/2-1/2

[Event "Team 45 45 League T49"]
[Site "Internet Chess Club"]
[Date "2011.06.22"]
[Round "6"]
[White "dinin"]
[Black "gwolff"]
[Result "1-0"]
[WhiteElo "1946"]
[BlackElo "1902"]
[Opening "French: classical, Steinitz variation"]
[ECO "C14"]
[Time "02:31:23"]
[TimeControl "2700+45"]

1. e4 e6 2. d4 d5 3. Nc3 Nf6 4. Bg5 Be7 5. e5 Nfd7 6. Bxe7 Qxe7 7. f4 c5 8. Nb5
O-O 9. Nc7 Nxe5 10. Nxa8 Ng6 11. Qd2 cxd4 12. O-O-O Nc6 13. Nf3 Qd6 14. g3 Bd7
15. Nxd4 Rxa8 16. f5 Nge7 17. f6 gxf6 18. Qh6 Nxd4 19. Rxd4 Nf5 20. Rg4+ {Black
resigns} 1-0